 Dungeon Crawl Stone Soup version 0.25-a0-699-g25a338df49 (webtiles) character file.

Game seed: 12339240398757172086, levelgen mode: deterministic

6087 M4edhros the Covert (level 10, -1/58 HPs)
             Began as an Octopode Artificer on Apr 2, 2020.
             Was a Priest of Hepliaklqana.
             Slain by Erolcha
             ... wielding a +0 giant club
              (19 damage)
             ... on level 10 of the Dungeon.
             The game lasted 00:17:00 (8331 turns).

M4edhros the Covert (Octopode Artificer)            Turns: 8331, Time: 00:17:01

Health: -1/58      AC:  9    Str: 11    XL:     10   Next: 88%
Magic:  15/15      EV: 17    Int: 15    God:    Hepliaklqana [***...]
Gold:   530        SH:  3    Dex: 15    Spells: 9/9 levels left

rFire    . . .     SeeInvis .   y - +5 scythe (venom)
rCold    + . .     Gourm    .   (shield currently unavailable)
rNeg     . . .     Faith    .   (helmet restricted)
rPois    .         Spirit   .   v - +3 amulet of reflection
rElec    .         Reflect  +   D - ring of flight
rCorr    .         Harm     .   E - +5 ring of protection
MR       .....                  K - +3 ring of protection
Stlth    +++++++...             I - ring of protection from cold
HPRegen  0.59/turn              M - ring of flight
MPRegen  0.14/turn              L - ring of stealth
                                (no ring)
                                (no ring)

@: invisible
A: almost no armour, stealthy swim, amphibious, 8 rings, constrict 8, reduced
essence, camouflage 1, blink, regeneration 1, robust 1, gelatinous body 1
a: Blink, Recall Ancestor, Ancestor Identity, Transference, Renounce Religion,
Evoke Flight


You were on level 10 of the Dungeon.
You worshipped Hepliaklqana.
Hepliaklqana was most pleased with you.
You were not hungry.

You visited 2 branches of the dungeon, and saw 11 of its levels.
You also visited: Sewer.

You collected 530 gold pieces.

Inventory:

Hand Weapons
 a - a +0 short sword
 g - a +0 short sword of speed
 q - a +1 short sword of venom
 y - a +5 scythe of venom (weapon)
Missiles
 k - 38 poisoned darts (quivered)
Jewellery
 v - a +3 amulet of reflection (around mantle)
 D - a ring of flight (left tentacle)
 E - a +5 ring of protection (right tentacle)
 I - a ring of protection from cold (on tentacle)
 K - a +3 ring of protection (on tentacle)
 L - a ring of stealth (on tentacle)
 M - a ring of flight (on tentacle)
 O - an uncursed ring of ice
Wands
 b - a wand of flame (17)
 c - a wand of enslavement (5)
 d - a wand of random effects (10)
 t - a wand of acid (6)
 w - a wand of polymorph (8)
 P - a wand of clouds (6)
 Q - a wand of iceblast (12)
Scrolls
 i - 3 scrolls of amnesia
 o - 3 scrolls of immolation
 p - 2 scrolls of fear {unknown}
 u - 5 scrolls of teleportation
 x - 2 scrolls of enchant armour {unknown}
 A - 2 scrolls of magic mapping {unknown}
 B - 5 scrolls of remove curse
 F - 5 scrolls of fog
 J - a scroll of blinking {unknown}
 N - a scroll of acquirement {unknown}
 R - a scroll of vulnerability {unknown}
Potions
 e - 2 potions of lignification {unknown}
 h - 2 potions of ambrosia {unknown}
 j - 3 potions of stabbing
 l - 5 potions of curing
 m - a potion of brilliance {unknown}
 n - 2 potions of mutation
 s - 3 potions of flight {unknown}
 z - a potion of berserk rage {unknown}
 C - 2 potions of might
 H - a potion of haste
Comestibles
 f - 20 rations


   Skills:
 - Level 1.0 Fighting
 - Level 1.0 Short Blades
 * Level 9.8 Polearms
 + Level 6.4 Dodging
 + Level 12.5 Stealth
 - Level 7.9 Evocations


You had 9 spell levels left.
You didn't know any spells.
Your spell library contained the following spells:

 Spells                   Type           Power        Failure   Level  Hunger
 Animate Skeleton         Necr           N/A          26%         1    ##.....
 Apportation              Tloc           #.....       26%         1    ##.....
 Beastly Appendage        Tmut           #.....       26%         1    ##.....
 Corona                   Hex            #......      26%         1    ##.....
 Shock                    Conj/Air       #...         26%         1    ##.....
 Summon Small Mammal      Summ           #...         26%         1    ##.....
 Sticks to Snakes         Tmut           #.......     38%         2    ###....
 Swiftness                Chrm/Air       #.......     38%         2    ###....
 Spider Form              Tmut/Pois      #.........   63%         3    ####...
 Static Discharge         Conj/Air       #.......     63%         3    ####...
 Airstrike                Air            #.........   95%         4    #####..
 Ice Form                 Ice/Tmut       #.......     95%         4    #####..
 Blade Hands              Tmut           #.........   100%        5    ######.
 Lightning Bolt           Conj/Air       #.........   100%        5    ######.


Dungeon Overview and Level Annotations

Branches:
Dungeon (10/15)            Temple (1/1) D:7            Lair (0/6) D:8
    Orc (0/2) D:9           Sewer (visited)

Altars:
Ashenzari
Cheibriados
Dithmenos
Elyvilon
Fedhas
Gozag
Hepliaklqana
Kikubaaqudgha
Makhleb
Nemelex Xobeh
Okawaru
Qazlal
Ru
Sif Muna
Trog
Uskayaw
Vehumet
Wu Jian
Xom
Yredelemnul
Zin
The Shining One
Beogh

Shops:
D:7 =

Annotations:
D:10 Erolcha


Innate Abilities, Weirdness & Mutations

You cannot wear most types of armour.
You are very stealthy in the water. (Stealth+)
You are amphibious.
You can wear up to eight rings at the same time.
You can use your tentacles to constrict eight enemies at once.
Your skin changes colour to match your surroundings (Stealth+).
Your rubbery body absorbs attacks. (AC +1, EV +1)
Your life essence is reduced to manifest your ancestor. (-10% HP)
You can translocate small distances at will.
Your natural rate of healing is unusually fast.
You are robust. (+10% HP)


Message History

Attack whom?
Press: ? - help, Dir - move target cursor, f - you That would be overly suicidal.
Okay, then.
Attack whom?
Press: ? - help, Dir - move target cursor You reach to attack!
You hit something but do no damage.
You hear some strange, mumbled words.
A stone arrow appears from out of thin air!
The stone arrow hits you!!
Ouch! That really hurt!
* * * LOW HITPOINT WARNING * * *
You feel much better.
You hear some strange, mumbled words.
A stone arrow appears from out of thin air!
The stone arrow hits you!!
* * * LOW HITPOINT WARNING * * *
You fade into invisibility!
Something hits you!!
You die...

.... ..........
.......... .........###
...........###
.............# ####
.............# #..####
..#.........####.....#
#....)...@......<...#
#.......{....)..#..##
#..........#....##..#
......................#
.###.....#.....#.......#
#.......#..##........^
##.........#..........
........#.....)......
.........#####......


There were no monsters in sight!

Vanquished Creatures
  Erica (D:9)
  A two-headed ogre (D:8)
  Sigmund (D:4)
  A steam dragon (D:8)
  3 orc warriors
  3 black bears (D:8)
  A wolf (D:8)
  6 ogres
  A big kobold (Sewer)
  A bullfrog (D:9)
  3 scorpions
  4 wights (D:7)
  8 electric eels
  4 crimson imps
  A bullfrog skeleton (D:7)
  7 orc priests
  7 hounds
  2 jellies (D:5)
  3 orc wizards
  Jessica (D:2)
  7 worker ants
  3 hound zombies
  A hound skeleton (D:4)
  A howler monkey zombie (D:6)
  3 gnolls (D:9)
  3 river rats (Sewer)
  An adder (D:2)
  2 oozes (D:3)
  7 worms
  An adder skeleton (D:9)
  2 leopard geckos
  27 orcs
  A bat (D:2)
  6 giant cockroaches
  6 goblins
  3 hobgoblins
  4 jackals
  19 kobolds
  2 quokkas
  A ball python (D:2)
  2 frilled lizards
  A giant cockroach zombie (D:6)
  A leopard gecko skeleton (D:4)
  6 rats
  2 plants (D:4)
171 creatures vanquished.

Vanquished Creatures (collateral kills)
  A hornet (D:8)
  Grinder (D:4)
  3 orc warriors (D:9)
  A phantom (D:8)
  A sky beast (D:8)
  A bullfrog (D:9)
  2 big kobolds (D:8)
  A gnoll sergeant (D:9)
  A howler monkey (D:8)
  An electric eel (D:8)
  A crimson imp (D:10)
  4 hounds
  An orc priest (D:9)
  2 jellies (D:8)
  An iguana (D:8)
  2 worker ants
  A gnoll (D:9)
  2 shadow imps (D:8)
  8 orcs (D:9)
  A bat (D:2)
  2 kobolds (D:8)
38 creatures vanquished.

Vanquished Creatures (others)
  A troll (D:8)
  A human (D:4)
  4 battlemagi
  2 orcs
8 creatures vanquished.

Grand Total: 217 creatures vanquished

Notes
Turn   | Place    | Note
-------+----------+-------------------------------------------
     0 | D:1      | M4edhros the Octopode Artificer began the quest for the
                  | Orb.
     0 | D:1      | Reached XP level 1. HP: 13/13 MP: 3/3
   658 | D:1      | Reached skill level 2 in Stealth
   747 | D:2      | Reached XP level 2. HP: 18/18 MP: 4/4
   873 | D:3      | Reached skill level 3 in Stealth
   875 | D:3      | Reached XP level 3. HP: 17/23 MP: 5/5
  1041 | D:3      | Reached skill level 4 in Stealth
  1041 | D:3      | Reached XP level 4. HP: 22/28 MP: 7/7
  1143 | D:3      | Found a glowing drain,
  1152 | Sewer    | Entered a sewer
  1462 | Sewer    | Noticed a big kobold
  1481 | Sewer    | Killed a big kobold
  1481 | Sewer    | Reached skill level 5 in Stealth
  1481 | Sewer    | Reached skill level 5 in Evocations
  1481 | Sewer    | Reached XP level 5. HP: 16/33 MP: 8/8
  1622 | Sewer    | Found a white marble altar of Elyvilon,
  1927 | D:4      | Found a transporter,
  1953 | D:4      | Found an ancient bone altar of Kikubaaqudgha,
  1956 | D:4      | Noticed a human
  1957 | D:4      | Killed a human
  1969 | D:4      | Reached XP level 6. HP: 28/38 MP: 10/10
  2015 | D:4      | Found a transporter,
  2120 | D:4      | Reached skill level 6 in Stealth
  2289 | D:4      | Noticed Sigmund
  2289 | D:4      | Noticed Grinder
  2298 | D:4      | Killed Grinder
  2298 | D:4      | Reached skill level 7 in Stealth
  2298 | D:4      | Reached XP level 7. HP: 43/43 MP: 11/11
  2299 | D:4      | Your ally died
  2299 | D:4      | Reached skill level 8 in Stealth
  2375 | D:5      | Entered Level 5 of the Dungeon
  2685 | D:5      | Reached skill level 1 in Polearms
  2870 | D:5      | Reached XP level 8. HP: 48/48 MP: 13/13
  3306 | D:6      | Reached skill level 9 in Stealth
  4175 | D:7      | Found a staircase to the Ecumenical Temple,
  4185 | Temple   | Entered the Ecumenical Temple
  4277 | Temple   | Became a worshipper of Hepliaklqana the Forgotten
  4411 | D:7      | Reached skill level 5 in Polearms
  4411 | D:7      | Reached XP level 9. HP: 47/47 MP: 14/14
  4464 | D:7      | Reached skill level 10 in Stealth
  5426 | D:2      | Reached * piety under Hepliaklqana
  5430 | D:2      | Noticed Jessica
  5438 | D:2      | Killed Jessica
  6617 | D:7      | Reached ** piety under Hepliaklqana
  6618 | D:7      | Remembered your ancestor Octopaz as a battlemage
  6731 | D:7      | Found Ypul's Jewellery Emporium,
  6918 | D:8      | Found a staircase to the Lair,
  6924 | D:8      | Gained mutation: You can translocate small distances at
                  | will. [potion of mutation]
  6924 | D:8      | Gained mutation: Your natural rate of healing is unusually
                  | fast. [potion of mutation]
  6924 | D:8      | Gained mutation: You are robust. (+10% HP) [potion of
                  | mutation]
  6926 | D:8      | Noticed a troll
  7015 | D:8      | Noticed a hornet
  7030 | D:8      | Noticed a two-headed ogre
  7040 | D:8      | Killed a hornet
  7040 | D:8      | Reached skill level 11 in Stealth
  7061 | D:8      | Reached XP level 10. HP: 52/58 MP: 15/15
  7082 | D:8      | Killed a two-headed ogre
  7082 | D:8      | Reached skill level 5 in Dodging
  7627 | D:9      | Noticed Erica
  7635 | D:9      | Killed Erica
  7635 | D:9      | Reached skill level 12 in Stealth
  7670 | D:9      | Found a roughly hewn altar of Beogh,
  7846 | D:9      | Reached *** piety under Hepliaklqana
  7852 | D:9      | Found a glowing golden altar of the Shining One,
  7900 | D:9      | Found a staircase to the Orcish Mines,
  8252 | D:10     | Entered Level 10 of the Dungeon
  8318 | D:10     | Noticed Erolcha
  8331 | D:10     | Slain by Erolcha

Levels and vault maps discovered:
D:1:      dpeg_arrival_boxorama, layout_basic
D:2:      layout_basic, first_ration, chequers_serial_rivers_marsh, uniq_jessica
D:3:      layout_loops_ring, cheibrodos_sewer_entry_bend
D:4:      gammafunk_steamed_eel, layout_basic, tgw_kikubaaqudgha, uniq_sigmund,
          uniq_grinder
D:5:      layout_cave_pods
D:6:      layout_loops_ring
D:7:      layout_rooms, minmay_temple_entry_large_hall, serial_shops,
          nicolae_shop_behind_doors
D:8:      layout_basic, erik_lair_island
D:9:      layout_big_octagon, old_standard_altar, david_orc_5, grunt_ogre_cave,
          uniq_erica
D:10:     layout_cave_pools, serial_shops, shop_fountains, uniq_erolcha
Temple:   compressed_dpeg_circular_temple

Skill      XL: |  1  2  3  4  5  6  7  8  9 10 |
---------------+-------------------------------+-----
Stealth        | 2 3 4 5 7 8 9 11 12 | 12.5
Evocations     | 4 5 6 7 |  7.9
Polearms       | 2 5 7 9 |  9.8
Dodging        | 4 6 |  6.4
Fighting       | |  1.0
Short Blades   | |  1.0

Action                   |  1- 3 |  4- 6 |  7- 9 | 10-12 || total
-------------------------+-------+-------+-------+-------++-------
Melee: Short sword       |    44 |    66 |     3 |       ||   113
       Constrict         |    12 |    13 |    33 |    18 ||    76
       Tentacles         |     8 |    13 |    24 |    12 ||    57
       Scythe            |       |       |   157 |    82 ||   239
Invok: Ancestor Identity |       |       |     1 |       ||     1
       Ancestor Life: Ba |       |       |     1 |       ||     1
Evoke: Wand              |     1 |    17 |    22 |     5 ||    45
  Use: Potion            |       |       |     2 |     5 ||     7
       Scroll            |       |       |       |    13 ||    13
 Stab: Sleeping          |     5 |     7 |    31 |    12 ||    55
       Distracted        |       |       |       |     2 ||     2
  Eat: Ration            |       |     1 |       |     1 ||     2
       Chunk             |       |       |    15 |     2 ||    17
Armor: Skin              |       |     2 |     9 |    15 ||    26
Dodge: Dodged            |    13 |    24 |    80 |    69 ||   186
Block: Other             |       |     1 |     7 |     8 ||    16
       Reflection        |       |       |     1 |     1 ||     2

Table legend:
 A = Non-vault XP
 B = Vault XP
 C = Vault XP percentage of total XP
 D = Non-vault monster count
 E = Vault monster count
 F = Vault count percentage of total count
                 A         B        C        D         E       F
            +---------+---------+-------+---------+---------+-------
      Total |    5550 |    3146 |  36.2 |     154 |      54 |  26.0
            +---------+---------+-------+---------+---------+-------
        D:1 |      10 |       0 |   0.0 |       7 |       0 |   0.0
        D:2 |      58 |      37 |  38.9 |      21 |       1 |   4.5
        D:3 |     149 |      15 |   9.1 |      19 |       3 |  13.6
        D:4 |     418 |     661 |  61.3 |       8 |       6 |  42.9
        D:5 |     468 |       0 |   0.0 |      14 |       0 |   0.0
        D:6 |     494 |       0 |   0.0 |      16 |       0 |   0.0
        D:7 |     620 |       0 |   0.0 |      16 |       0 |   0.0
        D:8 |    2808 |     515 |  15.5 |      38 |       8 |  17.4
        D:9 |     469 |    1764 |  79.0 |      12 |      24 |  66.7
       D:10 |      56 |       0 |   0.0 |       3 |       0 |   0.0
      Sewer |       0 |     154 | 100.0 |       0 |      12 | 100.0
            +---------+---------+-------+---------+---------+-------
